 Dungeon Crawl Stone Soup version 0.17-a0-2217-ga280b8d (webtiles) character file.

8852 Ordine the Cleaver (level 11, -7/133 HPs)
             Began as a Hill Orc Abyssal Knight on Oct 27, 2015.
             Was a High Priest of Lugonu.
             Mangled by a yak (10 damage)
             ... on level 10 of the Dungeon on Oct 28, 2015.
             The game lasted 00:40:41 (13923 turns).

Ordine the Cleaver (Hill Orc Abyssal Knight)       Turns: 13923, Time: 00:40:41

Health: -7/133     AC: 25    Str: 24    XL:     11   Next: 37%
Magic:  12/20      EV:  2    Int: 12    God:    Lugonu [*****.]
Gold:   720        SH:  0    Dex: 10    Spells: 0 memorised, 10 levels left

rFire  . . .     SeeInvis .     e - +3 war axe
rCold  . . .     Clarity  +     (armour currently unavailable)
rNeg   + + +     SustAt   .     (no shield)
rPois  +         Gourm    .     (helmet currently unavailable)
rElec  .         Spirit   .     (cloak currently unavailable)
rCorr  .         Warding  .     (gloves currently unavailable)
rMut   .         NoTele   +     (boots currently unavailable)
MR     +....                    v - amulet of clarity
Stlth  +.........               z - +3 ring of evasion
                                u - ring of protection from magic

@: mighty, tree-form, somewhat resistant to hostile enchantments, very
unstealthy
A: no striking features
a: Depart the Abyss, Bend Space, Banish, Corrupt, Enter the Abyss, Renounce
Religion


You were on level 10 of the Dungeon.
You worshipped Lugonu.
Lugonu was extremely pleased with you.
You were not hungry.
You were a tree.
You visited 2 branches of the dungeon, and saw 11 of its levels.
You visited the Abyss 1 time.
You also visited: Ossuary.

You collected 720 gold pieces.

Inventory:

Hand Weapons
 e - a +3 war axe (weapon)
 s - a +0 broad axe
Armour
 h - a +2 helmet (melded)
 F - a +0 plate armour (melded)
 I - a +0 pair of gloves (melded)
Jewellery
 k - an uncursed amulet of resist corrosion
 u - a ring of protection from magic (left branch)
 v - an amulet of clarity (around neck)
 z - a +3 ring of evasion (right branch)
Wands
 a - a wand of lightning (1)
 j - a wand of digging (14)
Scrolls
 d - 3 scrolls of remove curse
 f - 3 scrolls of blinking
 q - 5 scrolls of recharging
 w - a scroll of teleportation
 x - 6 scrolls of enchant weapon
 y - 2 scrolls of fog
 A - 2 scrolls of enchant armour
 D - 4 scrolls of immolation
Potions
 i - 3 potions of haste
 l - a potion of flight
 n - 3 potions of curing
 p - a potion of resistance
 C - a potion of agility
 E - a potion of might
Miscellaneous
 c - a phantom mirror
Comestibles
 b - 4 meat rations
 g - 9 royal jellies
 m - 8 beef jerkies
 r - a bread ration
 t - 2 chunks of flesh


   Skills:
 + Level 6.1 Fighting
 * Level 14.5 Axes
 + Level 5.3 Armour
 + Level 3.3 Dodging
 - Level 13.0 Invocations
 + Level 3.4 Evocations


You had 10 spell levels left.
You didn't know any spells.

Dungeon Overview and Level Annotations

Branches:
Dungeon (10/15)            Temple (1/1) D:4
   Lair: D:8-11         Orc: D:9-12

Altars:
Ashenzari
Cheibriados
Dithmenos
Elyvilon
Fedhas
Gozag
Kikubaaqudgha
Makhleb
Nemelex Xobeh
Okawaru
Qazlal
Ru
Sif Muna
Trog
Vehumet
Xom
Yredelemnul
Zin
The Shining One


Message History

The yak is severely wounded.
You barely miss the yak.
The yak is lightly wounded.
The yak gores you but does no damage. The yak gores you!
* * * LOW HITPOINT WARNING * * *
The yak gores you.
* * * LOW HITPOINT WARNING * * *
Unknown command.
Unknown command.
Unknown command.
You slash the yak!
The yak is moderately wounded.
You barely miss the yak.
The yak is severely wounded.
You slash the yak!
The yak is heavily wounded.
The yak gores you.
* * * LOW HITPOINT WARNING * * *
The yak gores you!
You die...

..##..<###.# ..
#...####..# #.
.).........## #.
###.##....## #.
... #....# .
#.#######..###
#. #..##......#
#.###GY##.####.#
#.....Y♣..# #.#
.#...(.Y#### #.#
........# #.#
#.......# #..
##......# #..
#........# .#
#........#
#......#.#
#..##.. ..


You could see 3 yaks and an eye of draining.

Vanquished Creatures
  Erica (D:8)
  Psyche (D:8)
  A two-headed ogre (D:8)
  A deep elf mage (D:8)
  8 yaks (D:10)
  Grum (D:8)
  2 hungry ghosts
  Menkaure (Ossuary)
  3 wolves (D:8)
  A water moccasin (D:9)
  2 soldier ants (D:8)
  Duvessa (D:4)
  A spider (D:8)
  5 orc warriors
  5 ice beasts
  2 ogres
  An eye of draining (D:9)
  3 sky beasts
  3 phantoms
  3 centaurs
  2 necrophages
  A big kobold (D:8)
  A gnoll sergeant (D:9)
  7 giant frogs
  Dowan (D:4)
  A scorpion (D:5)
  3 wights (D:6)
  5 killer bees (D:7)
  A quasit (D:8)
  A human zombie (Ossuary)
  3 jellies
  4 crimson imps
  2 centaur skeletons
  4 orc priests
  3 centaur zombies (Ossuary)
  10 orc wizards
  A hound (D:4)
  A giant frog skeleton (D:10)
  2 iguanas
  5 worker ants
  2 ogre zombies (Ossuary)
  2 hound zombies
  6 mummies (Ossuary)
  12 adders
  16 gnolls
  An ooze (D:7)
  9 adder zombies (Ossuary)
  4 worms
  8 giant geckos
  27 orcs
  A bat zombie (D:2)
  7 hobgoblins
  6 jackals (D:3)
  4 kobolds
  6 quokkas
  A ball python (D:1)
  5 bats
  A giant gecko skeleton (D:8)
  2 giant newts (D:1)
  8 goblins
  2 goblin zombies (Ossuary)
  2 hobgoblin zombies (Ossuary)
  A jackal zombie (D:6)
  4 kobold zombies (Ossuary)
  2 quokka zombies (Ossuary)
  7 rats
  6 rat zombies
256 creatures vanquished.

Vanquished Creatures (others)
  An ugly thing (D:7)
  2 orc warriors (D:7)
  An orc (D:7)
4 creatures vanquished.

Grand Total: 260 creatures vanquished

Notes
Turn   | Place    | Note
--------------------------------------------------------------
     0 | Abyss:1  | Ordine the Hill Orc Abyssal Knight began the quest for the Orb.
     0 | Abyss:1  | Reached XP level 1. HP: 19/19 MP: 2/2
    64 | Abyss:1  | Noticed an ancient zyme
    67 | D:1      | Escaped the Abyss
   348 | D:1      | Reached XP level 2. HP: 17/26 MP: 2/4
   505 | D:1      | Reached * piety under Lugonu
  1181 | D:2      | Reached XP level 3. HP: 26/31 MP: 5/5
  1273 | D:2      | Reached skill level 4 in Invocations
  1890 | D:2      | Found an ancient bone altar of Kikubaaqudgha.
  1988 | D:2      | Reached XP level 4. HP: 28/39 MP: 7/7
  2102 | D:2      | Found a glowing silver altar of Zin.
  2103 | D:2      | Noticed an angel
  3081 | D:3      | Reached skill level 5 in Invocations
  3081 | D:3      | Reached XP level 5. HP: 35/45 MP: 8/8
  3366 | D:3      | Reached skill level 5 in Axes
  3720 | D:3      | Reached ** piety under Lugonu
  4111 | D:3      | Found a sacrificial altar of Ru.
  4213 | D:4      | Reached skill level 6 in Invocations
  4213 | D:4      | Reached XP level 6. HP: 48/51 MP: 10/10
  4270 | D:4      | Found a sparkling altar of Nemelex Xobeh.
  4270 | D:4      | Noticed Dowan
  4271 | D:4      | Noticed Duvessa
  4292 | D:4      | Killed Duvessa
  4386 | D:4      | Killed Dowan
  4654 | D:4      | Reached skill level 7 in Invocations
  4852 | D:4      | Found a burning altar of Makhleb.
  4906 | D:4      | Found a staircase to the Ecumenical Temple.
  4916 | Temple   | Entered the Ecumenical Temple
  5491 | D:4      | Reached XP level 7. HP: 51/57 MP: 12/12
  5645 | D:5      | Entered Level 5 of the Dungeon
  6795 | D:4      | Reached skill level 8 in Invocations
  7113 | D:5      | Reached XP level 8. HP: 55/64 MP: 14/14
  7243 | D:5      | Reached skill level 9 in Invocations
  7612 | D:6      | Found a sand-covered staircase.
  7617 | Ossuary  | Entered an ossuary
  7684 | Ossuary  | Reached *** piety under Lugonu
  7700 | Ossuary  | Noticed Menkaure
  7709 | Ossuary  | Killed Menkaure
  7709 | Ossuary  | Reached skill level 10 in Invocations
  7719 | Ossuary  | Reached skill level 10 in Axes
  8069 | D:6      | Reached XP level 9. HP: 70/70 MP: 16/16
  8239 | D:6      | Reached **** piety under Lugonu
  8380 | D:6      | Reached skill level 11 in Invocations
  8549 | D:6      | Found a glowing golden altar of the Shining One.
  8551 | D:6      | Found a shattered altar of Ashenzari.
  8883 | D:7      | HP: 3/70 [poisoned by a killer bee]
  8890 | D:7      | HP: 3/70 [poisoned by a killer bee]
  9452 | D:7      | Noticed a brown ugly thing
  9456 | D:7      | Banished a brown ugly thing
  9479 | D:7      | Reached skill level 12 in Invocations
  9684 | D:7      | Found a snail-covered altar of Cheibriados.
 10187 | D:8      | Reached XP level 10. HP: 34/77 MP: 19/19
 10516 | D:8      | Noticed Grum
 10517 | D:8      | Noticed Psyche
 10523 | D:8      | Killed Grum
 10530 | D:8      | Reached skill level 13 in Invocations
 10538 | D:8      | Killed Psyche
 10538 | D:8      | Reached skill level 1 in Dodging
 10825 | D:8      | Noticed Erica
 10845 | D:8      | Killed Erica
 10845 | D:8      | Reached skill level 1 in Evocations
 11719 | D:8      | Reached skill level 5 in Fighting
 12154 | D:8      | Gained mutation: Armour fits poorly on your strangely shaped body. [potion of mutation]
 12154 | D:8      | Gained mutation: You are dopey. (Int -2) [potion of mutation]
 12154 | D:8      | Gained mutation: You possess an exceptional clarity of mind. [potion of mutation]
 12155 | D:8      | Lost mutation: You possess an exceptional clarity of mind. [potion of cure mutation]
 12155 | D:8      | Lost mutation: You are dopey. (Int -2) [potion of cure mutation]
 12155 | D:8      | Lost mutation: Armour fits poorly on your strangely shaped body. [potion of cure mutation]
 12509 | D:9      | Reached XP level 11. HP: 74/88 MP: 20/20
 12636 | D:9      | Reached skill level 14 in Axes
 12652 | D:9      | Reached ***** piety under Lugonu
 13554 | D:9      | Reached skill level 5 in Armour
 13689 | D:10     | Entered Level 10 of the Dungeon
 13912 | D:10     | HP: 3/133 [yak (10)]
 13917 | D:10     | HP: 5/133 [yak (8)]
 13923 | D:10     | HP: 3/133 [yak (4)]
 13923 | D:10     | Mangled by a yak

Vault maps used:
D:1:      dpeg_arrival_brainrot
D:2:      zin_angel, lemuel_zombie_altar_kikubaaqudgha
D:3:      first_bread, nicolae_ru_path_of_blood
D:4:      overflow_temple_1_default, nemelex_deck, minmay_temple_entry_poolview,
          grunt_ministairs_11, uniq_duvessa
D:6:      nicolae_overflow_hidden_temple, enter_ossuary_2
D:7:      cheibrodos_worm_habitat
D:8:      hangedman_pestilent_swarm, uniq_grum, uniq_psyche, uniq_erica
D:9:      wad_pebble_path, st_stairs_9
D:10:     spider_trap
Temple:   triangle_lava_temple_12
Ossuary:  ossuary_boxes_badplayer

Action                   |  1- 3 |  4- 6 |  7- 9 | 10-12 || total
-------------------------+-------+-------+-------+-------++-------
Melee: Hand axe          |   143 |   214 |   165 |       ||   522
       War axe           |       |     7 |   377 |   320 ||   704
Invok: Depart the Abyss  |     1 |       |       |       ||     1
       Banish            |       |       |     6 |       ||     6
Evoke: Wand              |       |       |       |     2 ||     2
  Use: Scroll            |     8 |     9 |    10 |     3 ||    30
       Potion            |       |     1 |     6 |     8 ||    15
 Stab: Distracted        |       |       |     1 |       ||     1
  Eat: Chunk             |     3 |     3 |    13 |    12 ||    31
       Bread ration      |       |     2 |     1 |     1 ||     4
       Fruit             |       |       |     3 |       ||     3
       Royal jelly       |       |       |       |     1 ||     1
       Pizza             |       |       |       |     1 ||     1
